 Dungeon Crawl Stone Soup version 0.18-a0-971-g0af6217 (webtiles) character file.

95 Ace the Sneak (level 4, -4/23 HPs)
             Began as a Spriggan Assassin on Jan 2, 2016.
             Was an Initiate of Dithmenos.
             Killed by divine providence
             ... invoked by an orc priest
              (10 damage)
             ... on level 3 of the Dungeon.
             The game lasted 00:07:00 (2909 turns).

Ace the Sneak (Spriggan Assassin)                   Turns: 2909, Time: 00:07:00

Health: -4/23      AC:  3    Str:  7    XL:     4   Next: 39%
Magic:  5/5        EV: 19    Int: 12    God:    Dithmenos [......]
Gold:   126        SH:  0    Dex: 18    Spells: 0 memorised, 3 levels left

rFire  . . .     SeeInvis +     a - +2 dagger
rCold  . . .     Gourm    .     r - +0 robe
rNeg   . . .     Faith    .     (shield restricted)
rPois  .         Spirit   .     (helmet restricted)
rElec  .         Dismiss  .     c - +0 cloak
rCorr  .         Reflect  .     (gloves unavailable)
SustAt .         Harm     .     (boots unavailable)
MR     .....                    (no amulet)
Stlth  ++++......               (no ring)
                                (no ring)

@: very quick, not resistant to hostile enchantments, stealthy
A: unfitting armour, see invisible, herbivore 3, speed 3, slow metabolism 2
a: Renounce Religion


You were on level 3 of the Dungeon.
You worshipped Dithmenos.
Dithmenos was noncommittal.
You were not hungry.

You visited 1 branch of the dungeon, and saw 3 of its levels.

You collected 126 gold pieces.

Inventory:

Hand Weapons
 a - a +2 dagger (weapon)
 b - a +0 blowgun
Missiles
 e - 8 poisoned needles
 f - 2 curare-tipped needles
Armour
 c - a +0 cloak (worn)
 r - a +0 robe (worn)
Scrolls
 j - 2 scrolls of teleportation {unknown}
 k - 3 scrolls of identify {unknown}
 l - 3 scrolls of noise {unknown}
 o - 3 scrolls of enchant armour {unknown}
 p - 4 scrolls of remove curse {unknown}
 q - a scroll of magic mapping {unknown}
Potions
 d - a potion of brilliance {unknown}
 h - a potion of invisibility {unknown}
 i - 2 potions of curing {unknown}
 n - a potion of lignification {unknown}
Comestibles
 g - 3 bread rations
 m - 5 fruits


   Skills:
 + Level 2.2 Fighting
 + Level 2.8 Short Blades
 - Level 2.0 Throwing
 + Level 3.7 Dodging
 + Level 6.9 Stealth


You had 3 spell levels left.
You didn't know any spells.

Dungeon Overview and Level Annotations

Branches:
Dungeon (3/15)

Altars:
Dithmenos

Annotations:
D:3 Robin


Innate Abilities, Weirdness & Mutations

You are tiny and cannot use many weapons and most armour.
You have supernaturally acute eyesight.
You are a herbivore.
You cover ground extremely quickly.
You need consume almost no food.


Message History

Robin completely misses you.
The orc shouts!
Robin throws the goblin at you! The goblin hits you with a club.
* * * LOW HITPOINT WARNING * * *
You hit the goblin.
The goblin is moderately wounded.
Robin says, "Bow before me, strongest of all the hobgoblins!"
The goblin barely misses you. The goblin barely misses you.
Robin roars a battlecry!
The goblin goes into a battle-frenzy!
There is a stone staircase leading down here.
Things that are here:
a club; a dagger; a goblin corpse You hear the rusting of a very distant drain.
The orc priest shouts!
You hear a shout!
The orc priest miscasts a cantrip.
The orc priest mumbles some strange prayers to Beogh against you.
Something smites you!
You die...

#..##..##.###...8...8..g8.#
####....g....# #.#...#...#...#
..o..###..##.###.##.###.###.##
#............o.))#...#...#...#
#.#########...####.8...8.g)8.#
#.## ##.....###...#..g#g..#
#..## ##.......###.###.###.##
#...####.........#.. #... ...#
...#)..'........@+.
...8o.g8g.. #.))####.........#
......#...#.# ##..#
##.......###.#...g....#.# ##.#
##.....## #...##g# #g . #.#
##...## ###. .# .# #.# ##'##
#.# #)# #.# #.# #.#
######.######


You could see an orc priest.

Vanquished Creatures
  3 adders
  2 worms
  A giant gecko (D:2)
  2 orcs (D:3)
  6 giant cockroaches
  12 goblins
  8 hobgoblins
  6 kobolds
  2 quokkas
  4 bats
  3 giant newts
  3 rats (D:1)
52 creatures vanquished.

Vanquished Creatures (others)
  A plant (D:2)
  4 toadstools (D:1)
5 creatures vanquished.

Grand Total: 57 creatures vanquished

Notes
Turn   | Place    | Note
--------------------------------------------------------------
     0 | D:1      | Ace the Spriggan Assassin began the quest for the Orb.
     0 | D:1      | Reached XP level 1. HP: 10/10 MP: 2/2
   190 | D:1      | Reached skill level 6 in Stealth
   290 | D:1      | Reached XP level 2. HP: 15/15 MP: 3/3
  1488 | D:2      | Reached XP level 3. HP: 9/18 MP: 4/4
  1971 | D:2      | Found a shadowy altar of Dithmenos.
  2023 | D:2      | Became a worshipper of Dithmenos the Shadowed
  2616 | D:3      | Reached XP level 4. HP: 19/23 MP: 5/5
  2790 | D:3      | Noticed Robin
  2909 | D:3      | Killed from afar by an orc priest

Vault maps used:
D:1:      ldierk_walled_garden_2, serial_bayou_pond_d
D:2:      serial_forest, infiniplex_forest_clump_diagonal,
          infiniplex_forest_end_2, infiniplex_forest_lined_2,
          infiniplex_forest_split, infiniplex_forest_straight_4,
          infiniplex_forest_clump_small, infiniplex_forest_corner_1,
          grunt_dithmenos_smoke_and_mirrors
D:3:      portal_sewer_entry_b, minmay_misc_feat_four_crosses, uniq_robin,
          uniq_iyjb

Action                   |  1- 3 |  4- 6 || total
-------------------------+-------+-------++-------
Melee: Dagger            |   164 |    69 ||   233
 Stab: Sleeping          |     2 |     2 ||     4
       Distracted        |     4 |       ||     4
